1836 views
Uploaded 2022-12-28 19:54:01
Game version 1.32.10
12:07 long 1on1 ladder game on (2)TerenasStand_LV
Saved by DKnight
1836 views
Uploaded 2022-12-28 19:54:01
Game version 1.32.10
12:07 long 1on1 ladder game on (2)TerenasStand_LV

19 units @ 3.3k
/ 0.5k
9 buildings @ 1.5k
/ 0.5k


| Rod of Necromancy | 3 | 450 |
| Potion of Healing | 1 | 150 |
| Orb of Corruption | 1 | 375 |
| Scroll of Healing | 1 | 250 |
| Potion of Lesser Invulnerability | 1 | 150 |
| total: | 7 | 1375g |
| Acolyte | 4 | 300 | / | 0 |
| Ghoul | 2 | 240 | / | 0 |
| Crypt Fiend | 9 | 1935 | / | 360 |
| Obsidian Statue | 3 | 600 | / | 105 |
| Abomination | 1 | 240 | / | 70 |
| total: | 19 | 3315g | / | 535w |
| Nerubian Tower | 1 | 100 | / | 20 |
| Altar of Darkness | 1 | 180 | / | 50 |
| Crypt | 1 | 200 | / | 50 |
| Ziggurat | 4 | 600 | / | 200 |
| Tomb of Relics | 1 | 130 | / | 30 |
| Graveyard | 1 | 215 | / | 0 |
| Slaughterhouse | 1 | 140 | / | 135 |
| Halls of the Dead | 1 | 320 | / | 210 |
| Black Citadel | 1 | 325 | / | 230 |
| total: | 9 | 1465g | / | 465w |
| 0:03 | Acolyte |
| 0:03 | Acolyte |
| 0:05 | Altar of Darkness |
| 0:17 | Crypt |
| 0:25 | Ziggurat |
| 0:33 | Acolyte |
| 0:44 | Acolyte |
| 1:04 | Tomb of Relics |
| 1:22 | Ghoul |
| 1:37 | Graveyard |
| 1:43 | Ghoul |
| 2:13 | Rod of Necromancy |
| 2:30 | Death Coil |
| 2:35 | Halls of the Dead |
| 2:48 | Ziggurat |
| 3:36 | Crypt Fiend |
| 3:54 | Crypt Fiend |
| 3:55 | Nerubian Tower |
| 4:34 | Crypt Fiend |
| 4:51 | Crypt Fiend |
| 5:05 | Crypt Fiend |
| 5:19 | Unholy Aura |
| 5:25 | Slaughterhouse |
| 6:15 | Potion of Healing |
| 6:16 | Rod of Necromancy |
| 6:25 | Ziggurat |
| 6:27 | Black Citadel |
| 7:11 | Burrow |
| 7:17 | Ziggurat |
| 7:42 | Obsidian Statue |
| 7:43 | Crypt Fiend |
| 8:10 | Crypt Fiend |
| 8:21 | Obsidian Statue |
| 8:27 | Death Coil |
| 8:35 | Scroll of Healing |
| 8:55 | Rod of Necromancy |
| 9:03 | Potion of Lesser Invulnerability |
| 9:08 | Frost Nova |
| 9:11 | Destroyer Form |
| 9:22 | Crypt Fiend |
| 9:29 | Orb of Corruption |
| 10:09 | Crypt Fiend |
| 10:14 | Abomination |
| 10:33 | Obsidian Statue |
| 10:43 | Dark Ritual |
| 11:50 | Web |
| 12:01 | Unholy Aura |
| Right click | 856 |
| Select group | 533 |
| Select | 196 |
| Misc. action | 58 |
| Build/train/purchase | 58 |
| Assign group | 33 |
| Use ability | 13 |
| Remove unit | 5 |
| Item give/drop | 2 |
28 units @ 3.3k
/ 0.2k
17 buildings @ 1.4k
/ 0.4k


| Scroll of Regeneration | 3 | 300 |
| Lesser Clarity Potion | 2 | 140 |
| Potion of Healing | 1 | 150 |
| Boots of Speed | 1 | 250 |
| Staff of Teleportation | 1 | 150 |
| total: | 8 | 990g |
| Peasant | 14 | 1050 | / | 0 |
| Footman | 11 | 1485 | / | 0 |
| Goblin Shredder | 1 | 375 | / | 100 |
| Goblin Zeppelin | 1 | 240 | / | 60 |
| Forest Troll Shadow Priest | 1 | 195 | / | 10 |
| total: | 28 | 3345g | / | 170w |
| Scout Tower | 5 | 150 | / | 100 |
| Arcane Tower | 1 | 70 | / | 50 |
| Barracks | 1 | 160 | / | 60 |
| Farm | 7 | 560 | / | 140 |
| Altar of Kings | 1 | 180 | / | 50 |
| Arcane Vault | 1 | 130 | / | 30 |
| Blacksmith | 1 | 140 | / | 60 |
| Lumber Mill | 1 | 120 | / | 0 |
| Keep | 1 | 320 | / | 210 |
| Castle | 1 | 360 | / | 210 |
| total: | 17 | 1440g | / | 440w |
| 0:05 | Peasant |
| 0:05 | Peasant |
| 0:09 | Barracks |
| 0:17 | Peasant |
| 0:17 | Peasant |
| 0:21 | Farm |
| 0:44 | Peasant |
| 0:59 | Farm |
| 1:08 | Altar of Kings |
| 1:13 | Peasant |
| 1:15 | Footman |
| 1:21 | Peasant |
| 1:30 | Footman |
| 1:36 | Scout Tower |
| 1:50 | Farm |
| 1:57 | Footman |
| 2:10 | Arcane Tower |
| 2:11 | Peasant |
| 2:33 | Peasant |
| 2:35 | Breath of Fire |
| 2:42 | Forest Troll Shadow Priest |
| 3:34 | Peasant |
| 3:35 | Peasant |
| 3:43 | Footman |
| 3:43 | Peasant |
| 4:16 | Drunken Haze |
| 5:12 | Peasant |
| 5:12 | Footman |
| 5:28 | Footman |
| 5:39 | Keep |
| 5:43 | Footman |
| 6:22 | Boots of Speed |
| 6:23 | Staff of Teleportation |
| 6:51 | Scout Tower |
| 6:51 | Scout Tower |
| 6:51 | Scout Tower |
| 6:57 | Arcane Vault |
| 7:16 | Footman |
| 7:16 | Footman |
| 7:16 | Footman |
| 7:38 | Breath of Fire |
| 7:52 | Defend |
| 7:57 | Scroll of Regeneration |
| 7:58 | Lesser Clarity Potion |
| 8:09 | Farm |
| 8:10 | Farm |
| 8:14 | Peasant |
| 9:00 | Blacksmith |
| 9:02 | Lumber Mill |
| 9:14 | Goblin Shredder |
| 9:25 | Drunken Brawler |
| 9:44 | Footman |
| 9:44 | Farm |
| 9:51 | Scroll of Regeneration |
| 9:54 | Lesser Clarity Potion |
| 10:00 | Scroll of Regeneration |
| 10:01 | Potion of Healing |
| 10:06 | Castle |
| 10:27 | Goblin Zeppelin |
| 10:37 | Scout Tower |
| 10:38 | Farm |
| 11:07 | Siphon Mana |
| Right click | 505 |
| Select group | 395 |
| Select | 332 |
| Misc. action | 92 |
| Build/train/purchase | 59 |
| Use ability | 30 |
| Assign group | 29 |
| Item give/drop | 3 |
| Remove unit | 1 |